 Dungeon Crawl Stone Soup version 0.29-a0-251-g80730f7218 (webtiles) character file.

Game seed: 3742744894076288409

233 bande the Skirmisher (level 6, -4/39 HPs)
             Began as a Gargoyle Fighter on Mar 6, 2022.
             Slain by an ogre
             ... wielding a +0 giant club
              (9 damage)
             ... on level 3 of the Dungeon.
             The game lasted 00:04:11 (2320 turns).

bande the Skirmisher (Gargoyle Fighter)             Turns: 2320, Time: 00:04:12

Health: -4/39      AC: 16    Str: 20    XL:     6   Next: 5%
Magic:  6/6        EV:  7    Int:  8    God:
Gold:   152        SH:  5    Dex: 13    Spells: 5/5 levels left

rFire   . . .      SeeInvis .   a - +0 war axe
rCold   . . .      Faith    .   c - +0 buckler
rNeg    + . .      Spirit   .   p - +0 chain mail
rPois   ∞          Reflect  .   b - +0 helmet
rElec   +          Harm     .   (no cloak)
rCorr   .          Rampage  .   (no gloves)
Will    +....                   g - +0 pair of boots
Stlth   ..........              (no amulet)
HPRegen 0.13/turn               m - ring "Feimaghy" {Fly Dex+2}
MPRegen 0.10/turn               j - ring of willpower

@: flying
A: sickness immunity, AC +4, negative energy resistance 1, electricity
resistance, torment resistance 1, petrification resistance
a: no special abilities


You were on level 3 of the Dungeon.
You visited 1 branch of the dungeon, and saw 3 of its levels.

You collected 152 gold pieces.

Inventory:

Hand Weapons
 a - a +0 war axe (weapon)
 k - a +1 flail of holy wrath
Armour
 b - a +0 helmet (worn)
 c - a +0 buckler (worn)
 g - a +0 pair of boots (worn)
 p - a +0 chain mail (worn)
Jewellery
 h - a ring of protection from cold
 j - a ring of willpower (right hand)
 m - the ring "Feimaghy" (left hand) {Fly Dex+2}
   (You found it on level 2 of the Dungeon)

   [ring of flight]

   Dex:       It affects your dexterity (+2).
   Fly:       It grants you flight.
 n - a ring of positive energy
Wands
 l - a wand of iceblast (8)
Potions
 d - a potion of might
 e - 3 potions of curing {unknown}
 f - 2 potions of magic
 i - a potion of lignification {unknown}
 o - a potion of brilliance {unknown}


   Skills:
 + Level 4.3 Fighting
 + Level 4.1 Axes
 + Level 4.2 Armour
 + Level 4.0 Shields


You had 5 spell levels left.
You didn't know any spells.
Your spell library contained the following spells:

 Spells                   Type           Power      Damage    Failure   Level
 Sandblast                Erth           0%         2d4       99%         1
 Passwall                 Tmut/Erth      0%         N/A       100%        2
 Stone Arrow              Conj/Erth      0%         3d7       100%        3


Dungeon Overview and Level Annotations

Branches:
Dungeon (3/15)

Altars:

Annotations:
D:3 1 runed translucent door, Crazy Yiuf


Innate Abilities, Weirdness & Mutations

You are immune to sickness and miasma.
Your stone body is resilient. (AC +4)
You are immune to poison.
You resist negative energy. (rN+)
You are resistant to electric shocks. (rElec)
You are resistant to unholy torment.
You are immune to petrification.


Message History

The quokka is almost dead.
The quokka bites you but does no damage. x2
You miss the quokka.
The quokka is almost dead.
The quokka barely misses you.
You closely miss the quokka.
The quokka is almost dead.
You block the quokka's attack.
The quokka bites you but does no damage.
You slash the quokka!
You kill the quokka!
No target in view!
No target in view!
No target in view!
No target in view!
No target in view!
You reach down and open the door.
There is an open door here.
An ogre comes into view. It is wielding a +0 giant club.
The ogre shouts!
An ogre is nearby!
You hit the ogre but do no damage. The ogre hits you with a +0 giant club!
You hit the ogre.
The ogre is moderately wounded.
The ogre hits you with a +0 giant club!
You closely miss the ogre.
The ogre is moderately wounded.
The ogre hits you with a +0 giant club!
You are too injured to fight recklessly!
You are too injured to fight recklessly!
You are too injured to fight recklessly!
You are too injured to fight recklessly!
You are too injured to fight recklessly!
You are too injured to fight recklessly!
You slash the ogre!
The ogre is heavily wounded.
The ogre hits you with a +0 giant club!
* * * LOW HITPOINT WARNING * * *
The ogre hits you with a +0 giant club!
You die...

#............
#.....<.......
#.............
#.............
#.............
#.............
#...†.........
##...†.........
#.@.#'#........
#O#.#.#.#######
...#.#.#.#
#####.#.#.###########
#.#.#............
#.#.######....###
..#..............
#.####........###
#..[.....#


You could see an ogre.

Vanquished Creatures
  Sigmund (D:3)
  Ijyb (D:3)
  An adder (D:2)
  A worm (D:2)
  A dart slug (D:2)
  2 orcs
  3 bats (D:2)
  3 endoplasms
  3 giant cockroaches
  6 goblins
  A hobgoblin (D:1)
  2 jackals (D:2)
  3 kobolds
  2 quokkas
  4 ball pythons
  3 frilled lizards
  6 rats
43 creatures vanquished.

Notes
Turn   | Place    | Note
-------+----------+-------------------------------------------
     0 | D:1      | bande the Gargoyle Fighter began the quest for the Orb.
     0 | D:1      | Reached XP level 1. HP: 14/14 MP: 1/1
   131 | D:1      | Reached XP level 2. HP: 19/19 MP: 2/2
   374 | D:1      | Found a faded altar of an unknown god.
   828 | D:2      | Reached XP level 3. HP: 24/24 MP: 3/3
  1402 | D:2      | Identified the ring "Feimaghy" {Fly Dex+2}
  1501 | D:3      | Noticed Sigmund
  1817 | D:3      | Killed Sigmund
  1818 | D:3      | Reached XP level 4. HP: 18/29 MP: 4/4
  1818 | D:3      | Reached XP level 5. HP: 20/33 MP: 5/5
  1982 | D:3      | Noticed Ijyb
  2005 | D:3      | Killed Ijyb
  2006 | D:3      | Reached XP level 6. HP: 30/38 MP: 6/6
  2222 | D:3      | Found a runed translucent door.
  2223 | D:3      | Noticed Crazy Yiuf
  2320 | D:3      | Slain by an ogre

Illustrated notes

Levels and vault maps discovered:
D:1:      minmay_arrival_five_plusses, layout_rooms,
          shapermc_ecumenical_altar_hornbeckon,
          amcnicky_mini_rare_corridor_liquid
D:2:      layout_basic, corner_web_ring, minmay_quadrilaterals
D:3:      layout_basic, uniq_crazy_yiuf_cottage, uniq_ijyb, uniq_sigmund,
          uniq_grinder

Skill      XL: |  1  2  3  4  5 |
---------------+----------------+-----
Axes           | 2 3 4 |  4.1
Fighting       | 4 |  4.3
Armour         | 4 |  4.2
Shields        | 4 |  4.0

Action                   |  1- 3 |  4- 6 || total
-------------------------+-------+-------++-------
Melee: War axe           |    90 |    40 ||   130
  Use: Scroll            |     5 |       ||     5
       Potion            |     1 |       ||     1
Armor: Scale mail        |    48 |    12 ||    60
       Chain mail        |       |    14 ||    14
Dodge: Dodged            |    61 |    11 ||    72
Block: Buckler           |    25 |     9 ||    34

Table legend: (Time is in decaauts)
 A = Elapsed time spent in this place.
 B = Non-inter-level travel time spent in this place.
 C = Inter-level travel time spent in this place.
 D = Time resting spent in this place.
 E = Time spent auto-exploring this place.
 F = Levels seen in this place.
 G = Mean time per level.
                   A        B        C        D        E       F      G
               +--------+--------+--------+--------+--------+-----+--------+
         Total |   2382 |   2352 |     30 |    745 |   1133 |   3 |  794.0 |
       Dungeon |   2382 |   2352 |     30 |    745 |   1133 |   3 |  794.0 |
               +--------+--------+--------+--------+--------+-----+--------+

Top non-repeatable levels by time:
     D:2: 1168 daAuts
     D:1: 662 daAuts
     D:3: 551 daAuts
